TOP OF THE 1ST |
Mile High Broncos batting - Pitching for San Jose Missions : LHP Octávio Pérez
|
Pitching: LHP Octávio Pérez
|
|
Batting: LHB Ernesto López
|
0-0: Called Strike 0-1: Ball 1-1: Fly out, F9 (Flyball, 9)
|
Batting: RHB Evan Robinson
|
0-0: Fly out, F9 (Flyball, 9D)
|
Batting: RHB Jeff Packard
|
0-0: SINGLE (Groundball, 56D)
|
Batting: RHB David Moran
|
0-0: Called Strike 0-1: Called Strike 0-2: Strikes out looking
|
Top of the 1st over - 0 run(s), 1 hit(s), 0 error(s), 1 left on base; Mile High 0 - San Jose 0 |
BOTTOM OF THE 1ST |
San Jose Missions batting - Pitching for Mile High Broncos : RHP Pedro Mendoza
|
Pitching: RHP Pedro Mendoza
|
|
Batting: SHB Terry Dailey
|
0-0: Foul Ball, location: 2F 0-1: Ball 1-1: Foul Ball, location: 2F 1-2: Ball 2-2: Ball 3-2: SINGLE (Line Drive, 5D)
|
Batting: RHB Raúl Perales
|
0-0: Called Strike Terry Dailey steals 2nd base 0-1: Foul Ball, location: 2F 0-2: Ball 1-2: Foul Ball, location: 2F 1-2: Ball 2-2: Foul Ball, location: 2F 2-2: Ball 3-2: Base on Balls
|
Batting: RHB Bob Orr
|
0-0: Called Strike Terry Dailey steals 3rd base Raúl Perales to second 0-1: Foul Ball, location: 2F 0-2: Ball 1-2: Foul Ball, location: 2F 1-2: Ball 2-2: Foul Ball, location: 2F 2-2: Fly out, F8 (Flyball, 8RM) Runner from 3rd tags up, SCORES, no throw
|
Batting: RHB Sadao Kato
|
0-0: Called Strike 0-1: Ball 1-1: Foul Ball, location: 2F 1-2: Ball 2-2: Foul Ball, location: 2F 2-2: Foul Ball, location: 2F 2-2: Strikes out swinging
|
Batting: LHB Miguel Montés
|
0-0: Ball 1-0: Ground out U3 (Groundball, 23)
|
Bottom of the 1st over - 1 run(s), 1 hit(s), 0 error(s), 1 left on base; Mile High 0 - San Jose 1 |
TOP OF THE 2ND |
Mile High Broncos batting - Pitching for San Jose Missions : LHP Octávio Pérez
|
Batting: RHB António Martínez
|
0-0: Called Strike 0-1: Foul Ball, location: 2F 0-2: Ball 1-2: Ball 2-2: Strikes out swinging
|
Batting: SHB Tom Stevens
|
0-0: Ball 1-0: Ground out 6-3 (Groundball, 6)
|
Batting: LHB Dave Cook
|
0-0: Ball 1-0: Foul Ball, location: 2F 1-1: Called Strike 1-2: Fly out, F4 (Popup, 4)
|
Top of the 2nd over - 0 run(s), 0 hit(s), 0 error(s), 0 left on base; Mile High 0 - San Jose 1 |
BOTTOM OF THE 2ND |
San Jose Missions batting - Pitching for Mile High Broncos : RHP Pedro Mendoza
|
Batting: RHB Peter Bishop
|
0-0: Called Strike 0-1: Swinging Strike 0-2: Ground out 6-3 (Groundball, 6S)
|
Batting: RHB Ed Starr
|
0-0: Called Strike 0-1: Swinging Strike 0-2: Strikes out swinging
|
Batting: LHB Arturo Rivera
|
0-0: Called Strike 0-1: Called Strike 0-2: Ball 1-2: Foul Ball, location: 2F 1-2: Strikes out looking
|
Bottom of the 2nd over - 0 run(s), 0 hit(s), 0 error(s), 0 left on base; Mile High 0 - San Jose 1 |
TOP OF THE 3RD |
Mile High Broncos batting - Pitching for San Jose Missions : LHP Octávio Pérez
|
Batting: RHB Rodney González
|
0-0: Swinging Strike 0-1: SINGLE (Flyball, 6MD)
|
Batting: LHB Don Hull
|
0-0: Foul Ball, location: 2F 0-1: Ball 1-1: Grounds into double play, 4-6-3 (Groundball, 4)
|
Batting: LHB Ernesto López
|
0-0: Ground out 3-1 (Groundball, 34)
|
Top of the 3rd over - 0 run(s), 1 hit(s), 0 error(s), 0 left on base; Mile High 0 - San Jose 1 |
BOTTOM OF THE 3RD |
San Jose Missions batting - Pitching for Mile High Broncos : RHP Pedro Mendoza
|
Batting: LHB Wilson Vecino
|
0-0: Foul Ball, location: 2F 0-1: Ball 1-1: Foul Ball, location: 2F 1-2: Ball 2-2: Ball 3-2: Strikes out looking
|
Batting: SHB Terry Dailey
|
0-0: Called Strike 0-1: Ball 1-1: Ball 2-1: Swinging Strike 2-2: Foul Ball, location: 2F 2-2: Strikes out swinging
|
Batting: RHB Raúl Perales
|
0-0: Called Strike 0-1: Ball 1-1: Called Strike 1-2: Ball 2-2: Ball 3-2: Ground out 5-3 (Groundball, 56S)
|
Bottom of the 3rd over - 0 run(s), 0 hit(s), 0 error(s), 0 left on base; Mile High 0 - San Jose 1 |
TOP OF THE 4TH |
Mile High Broncos batting - Pitching for San Jose Missions : LHP Octávio Pérez
|
Batting: RHB Evan Robinson
|
0-0: Foul Ball, location: 2F 0-1: Swinging Strike 0-2: Strikes out swinging, 2-3 out at first.
|
Batting: RHB Jeff Packard
|
0-0: Ball 1-0: DOUBLE (Groundball, 5L)
|
Batting: RHB David Moran
|
0-0: Ball 1-0: SINGLE (Line Drive, 78S) Jeff Packard to third
|
Batting: RHB António Martínez
|
0-0: Called Strike 0-1: Called Strike 0-2: Strikes out swinging
|
Batting: SHB Tom Stevens
|
0-0: Ball 1-0: Ball 2-0: Ball 3-0: Called Strike 3-1: Called Strike 3-2: Base on Balls David Moran to second
|
Batting: LHB Dave Cook
|
0-0: Called Strike 0-1: Swinging Strike 0-2: Ball 1-2: Strikes out swinging
|
Top of the 4th over - 0 run(s), 2 hit(s), 0 error(s), 3 left on base; Mile High 0 - San Jose 1 |
BOTTOM OF THE 4TH |
San Jose Missions batting - Pitching for Mile High Broncos : RHP Pedro Mendoza
|
Batting: RHB Bob Orr
|
0-0: Ball 1-0: Ground out 4-3 (Groundball, 4)
|
Batting: RHB Sadao Kato
|
0-0: Called Strike 0-1: SOLO HOME RUN (Flyball, 7D), Distance : 373 ft
|
Batting: LHB Miguel Montés
|
0-0: Called Strike 0-1: Foul Ball, location: 2F 0-2: Ground out U3 (Groundball, 3L)
|
Batting: RHB Peter Bishop
|
0-0: Called Strike 0-1: Swinging Strike 0-2: Ball 1-2: Ball 2-2: Foul Ball, location: 2F 2-2: Foul Ball, location: 2F 2-2: SINGLE (Flyball, 8RS)
|
Batting: RHB Ed Starr
|
0-0: Swinging Strike 0-1: Ball 1-1: Fly out, F7 (Flyball, 78S)
|
Bottom of the 4th over - 1 run(s), 2 hit(s), 0 error(s), 1 left on base; Mile High 0 - San Jose 2 |
TOP OF THE 5TH |
Mile High Broncos batting - Pitching for San Jose Missions : LHP Octávio Pérez
|
Batting: RHB Rodney González
|
0-0: Swinging Strike 0-1: SINGLE (Line Drive, 8RS)
|
Batting: LHB Don Hull
|
0-0: Called Strike 0-1: Ball 1-1: Swinging Strike 1-2: Foul Ball, location: 2F 1-2: Ball 2-2: Fielders Choice at 2nd, 4-6 (Groundball, 4)
|
Batting: LHB Ernesto López
|
0-0: Called Strike 0-1: Ball 1-1: Foul Ball, location: 2F 1-2: Foul Ball, location: 2F 1-2: Ball 2-2: Ball 3-2: Fielders Choice at 2nd, 6-4 (Groundball, 56)
|
Batting: RHB Evan Robinson
|
0-0: Fly out, F8 (Flyball, 8LM)
|
Top of the 5th over - 0 run(s), 1 hit(s), 0 error(s), 1 left on base; Mile High 0 - San Jose 2 |
BOTTOM OF THE 5TH |
San Jose Missions batting - Pitching for Mile High Broncos : RHP Pedro Mendoza
|
Batting: LHB Arturo Rivera
|
0-0: Swinging Strike 0-1: Swinging Strike 0-2: Strikes out swinging
|
Batting: LHB Wilson Vecino
|
0-0: Foul Ball, location: 2F 0-1: Swinging Strike 0-2: Ball 1-2: SINGLE (Groundball, 13S) (infield hit)
|
Batting: SHB Terry Dailey
|
0-0: Ball 1-0: Foul Ball, location: 2F 1-1: Foul Ball, location: 2F 1-2: Fly out, F9 (Flyball, 9S)
|
Batting: RHB Raúl Perales
|
0-0: Foul Ball, location: 2F 0-1: Ball 1-1: Fielders Choice at 2nd, 5-4 (Groundball, 5)
|
Bottom of the 5th over - 0 run(s), 1 hit(s), 0 error(s), 0 left on base; Mile High 0 - San Jose 2 |
TOP OF THE 6TH |
Mile High Broncos batting - Pitching for San Jose Missions : LHP Octávio Pérez
|
Batting: RHB Jeff Packard
|
0-0: Foul Ball, location: 2F 0-1: SINGLE (Line Drive, 4MD)
|
Batting: RHB David Moran
|
0-0: Ground out 5-3 (Groundball, 56S) Jeff Packard to second
|
Batting: RHB António Martínez
|
0-0: Ball 1-0: Ball 2-0: Ground out 1-3 (Groundball, 13) Jeff Packard to third
|
Batting: SHB Tom Stevens
|
0-0: Ball 1-0: SINGLE (Line Drive, 3D) Jeff Packard scores
|
Batting: LHB Dave Cook
|
0-0: Called Strike 0-1: Ball 1-1: SINGLE (Groundball, 4MD) Tom Stevens to second Runner from 2nd tries for 3rd, SAFE, throw made to third
|
Batting: RHB Rodney González
|
0-0: Ball 1-0: Called Strike 1-1: Swinging Strike 1-2: Ball 2-2: Ball 3-2: Foul Ball, location: 2F 3-2: Fly out, F8 (Flyball, 8RS)
|
Top of the 6th over - 1 run(s), 3 hit(s), 0 error(s), 2 left on base; Mile High 1 - San Jose 2 |
BOTTOM OF THE 6TH |
San Jose Missions batting - Pitching for Mile High Broncos : RHP Pedro Mendoza
|
Batting: RHB Bob Orr
|
0-0: Ball 1-0: Called Strike 1-1: Foul Ball, location: 2F 1-2: Ball 2-2: Foul Ball, location: 2F 2-2: Foul Ball, location: 2F 2-2: Strikes out looking
|
Batting: RHB Sadao Kato
|
0-0: Ball 1-0: Called Strike 1-1: Ball 2-1: Ground out 6-3 (Groundball, 6)
|
Batting: LHB Miguel Montés
|
0-0: Called Strike 0-1: Swinging Strike 0-2: Ball 1-2: Ball 2-2: Strikes out looking
|
Bottom of the 6th over - 0 run(s), 0 hit(s), 0 error(s), 0 left on base; Mile High 1 - San Jose 2 |
TOP OF THE 7TH |
Mile High Broncos batting - Pitching for San Jose Missions : LHP Octávio Pérez
|
Now in CF: José Martínez
|
|
Batting: LHB Don Hull
|
0-0: Fly out, F3 (Line Drive, 34)
|
Batting: LHB Ernesto López
|
0-0: Called Strike 0-1: Ball 1-1: Foul Ball, location: 2F 1-2: SINGLE (Line Drive, 6MD)
|
Batting: RHB Evan Robinson
|
0-0: Ball 1-0: Fly out, F9 (Line Drive, 9)
|
Batting: RHB Jeff Packard
|
0-0: Ball 1-0: Foul Ball, location: 2F 1-1: Ball 2-1: Called Strike Ernesto López steals 2nd base 2-2: Ball 3-2: Fly out, F7 (Flyball, 78D)
|
Top of the 7th over - 0 run(s), 1 hit(s), 0 error(s), 1 left on base; Mile High 1 - San Jose 2 |
BOTTOM OF THE 7TH |
San Jose Missions batting - Pitching for Mile High Broncos : RHP Pedro Mendoza
|
Pitching: LHP Robin Wilder
|
|
Batting: RHB Peter Bishop
|
0-0: Called Strike 0-1: Ball 1-1: Called Strike 1-2: Ball 2-2: Foul Ball, location: 2F 2-2: Strikes out swinging
|
Batting: RHB Ed Starr
|
0-0: Ball 1-0: Called Strike 1-1: Ball 2-1: Foul Ball, location: 2F 2-2: Strikes out swinging
|
Batting: RHB José Martínez
|
0-0: Fly out, F9 (Flyball, 9LS)
|
Bottom of the 7th over - 0 run(s), 0 hit(s), 0 error(s), 0 left on base; Mile High 1 - San Jose 2 |
TOP OF THE 8TH |
Mile High Broncos batting - Pitching for San Jose Missions : LHP Octávio Pérez
|
Now at 2B: Goro Tanabe
|
|
Batting: RHB David Moran
|
0-0: Ball 1-0: Fly out, F8 (Flyball, 78XD)
|
Batting: RHB António Martínez
|
0-0: Ball 1-0: Ball 2-0: Ball 3-0: Base on Balls
|
Batting: SHB Tom Stevens
|
0-0: Ball 1-0: Ball 2-0: Ball 3-0: Called Strike 3-1: SINGLE (Line Drive, 56D) António Martínez to second
|
Pinch Hitting: RHB Edward Williams
|
0-0: Called Strike 0-1: Foul Ball, location: 2F 0-2: Ball 1-2: Grounds into double play, 4-6-3 (Groundball, 4)
|
Top of the 8th over - 0 run(s), 1 hit(s), 0 error(s), 1 left on base; Mile High 1 - San Jose 2 |
BOTTOM OF THE 8TH |
San Jose Missions batting - Pitching for Mile High Broncos : LHP Robin Wilder
|
Now in RF: Edward Williams
|
|
Batting: LHB Wilson Vecino
|
0-0: Ball 1-0: Foul Ball, location: 2F 1-1: Ball 2-1: Swinging Strike 2-2: Ball 3-2: Strikes out swinging
|
Batting: SHB Terry Dailey
|
0-0: Fly out, F9 (Flyball, 9S)
|
Batting: RHB Raúl Perales
|
0-0: Called Strike 0-1: Fly out, F9 (Flyball, 9LMF)
|
Bottom of the 8th over - 0 run(s), 0 hit(s), 0 error(s), 0 left on base; Mile High 1 - San Jose 2 |
TOP OF THE 9TH |
Mile High Broncos batting - Pitching for San Jose Missions : LHP Octávio Pérez
|
Now at 3B: Bobby Brewster
|
|
Batting: RHB Rodney González
|
0-0: Called Strike 0-1: Foul Ball, location: 2F 0-2: Strikes out swinging
|
Pinch Hitting: RHB Su-kweon Yu
|
0-0: Called Strike 0-1: Swinging Strike 0-2: Strikes out swinging
|
Pinch Hitting: LHB Mark Everett
|
0-0: Ball 1-0: Foul Ball, location: 2F 1-1: Swinging Strike 1-2: Foul Ball, location: 2F 1-2: Foul Ball, location: 2F 1-2: Foul Ball, location: 2F 1-2: SINGLE (Line Drive, 6MD)
|
Batting: RHB Evan Robinson
|
0-0: Fielders Choice at 2nd, 6-4 (Groundball, 6)
|
Top of the 9th over - 0 run(s), 1 hit(s), 0 error(s), 0 left on base; Mile High 1 - San Jose 2 |
|